 Dungeon Crawl Stone Soup version 0.27-a0-1219-g958d993ae5 (webtiles) character file.

Game seed: 10754581780884494928

881 bobarctor the Magician (level 7, -2/36 HPs)
             Began as a Deep Elf Necromancer on June 6, 2021.
             Was an Initiate of Okawaru.
             Slain by a shadow (25 damage)
             ... on level 5 of the Dungeon on June 7, 2021.
             The game lasted 00:28:42 (8142 turns).

bobarctor the Magician (Deep Elf Necromancer)       Turns: 8142, Time: 00:28:44

Health: -2/36      AC:  5    Str:  5    XL:     7   Next: 75%
Magic:  18/20      EV: 13    Int: 22    God:    Okawaru [......]
Gold:   130        SH:  0    Dex: 18    Spells: 7/21 levels left

rFire    . . .     SeeInvis .   k - +3 short sword (elec)
rCold    + . .     Faith    .   (no shield)
rNeg     + . .     Spirit   .   a - +0 robe
rPois    .         Reflect  .   (no helmet)
rElec    .         Harm     .   v - +0 cloak
rCorr    .         Rampage  .   o - +1 pair of gloves {Dex+3}
Will     .....                  (no boots)
Stlth    +++.......             x - amulet of the acrobat
HPRegen  0.12/turn              h - ring of positive energy
MPRegen  0.17/turn              u - ring of protection from cold

@: very slightly contaminated
A: no striking features
a: Renounce Religion


You were on level 5 of the Dungeon.
You worshipped Okawaru.
Okawaru was noncommittal.
You visited 2 branches of the dungeon, and saw 7 of its levels.

You collected 325 gold pieces.
You spent 195 gold pieces at shops.

Inventory:

Hand Weapons
 b - a +0 dagger
 j - a +1 shortbow of freezing
 k - a +3 short sword of electrocution (weapon)
 r - a +1 short sword of protection
Missiles
 f - 167 arrows
 l - 109 stones (quivered)
 y - 8 poisoned darts
 z - 6 boomerangs
Armour
 a - a +0 robe (worn)
 c - a +0 pair of gloves of dexterity
 g - a +0 pair of boots
 n - +0 acid dragon scales
 o - a +1 pair of gloves of dexterity (worn)
 v - a +0 cloak (worn)
 A - a +2 leather armour of fire resistance
Jewellery
 h - a ring of positive energy (left hand)
 u - a ring of protection from cold (right hand)
 x - an amulet of the acrobat (around neck)
Wands
 q - a wand of flame (21)
Scrolls
 e - a scroll of noise
 p - a scroll of amnesia
 B - a scroll of brand weapon
Potions
 d - 3 potions of flight
 i - 2 potions of heal wounds
 m - a potion of might
 s - a potion of curing {unknown}
 w - 2 potions of mutation {unknown}


   Skills:
 + Level 0.2 Fighting
 + Level 2.3 Short Blades
 + Level 1.0 Armour
 + Level 3.6 Dodging
 + Level 3.2 Stealth
 * Level 7.6 Spellcasting
 * Level 1.5 Conjurations
 * Level 1.5 Summonings
 + Level 6.9 Necromancy
 * Level 1.7 Air Magic
 * Level 1.2 Poison Magic
 * Level 0.4 Invocations


You had 7 spell levels left.
You knew the following spells:

 Your Spells              Type           Power      Damage    Failure   Level
a - Pain                  Necr           100%       1d9       1%          1
b - Animate Skeleton      Necr           76%        N/A       1%          1
c - Vampiric Draining     Necr           19%        2d8       1%          3
d - Animate Dead          Necr           19%        N/A       4%          4
e - Call Imp              Summ           15%        N/A       6%          2
f - Mephitic Cloud        Conj/Pois/Air  14%        N/A       13%         3

Your spell library contained the following spells:

 Spells                   Type           Power      Damage    Failure   Level
 Summon Small Mammal      Summ           60%        N/A       4%          1
 Poisonous Vapours        Pois/Air       28%        N/A       6%          2
 Apportation              Tloc           16%        N/A       8%          1
 Corona                   Hex            8%         N/A       8%          1
 Call Canine Familiar     Summ           15%        N/A       12%         3
 Agony                    Necr           38%        N/A       12%         5
 Conjure Flame            Conj/Fire      11%        6-21      17%         3
 Summon Guardian Golem    Hex/Summ       11%        N/A       17%         3
 Summon Lightning Spire   Summ/Air       15%        N/A       36%         4
 Summon Ice Beast         Ice/Summ       11%        N/A       50%         4
 Freezing Cloud           Conj/Ice/Air   6%         6-21      100%        6


Dungeon Overview and Level Annotations

Branches:
Dungeon (6/15)             Temple (1/1) D:5

Altars:
Ashenzari
Cheibriados
Elyvilon
Fedhas
Gozag
Kikubaaqudgha
Makhleb
Nemelex Xobeh
Okawaru
Qazlal
Sif Muna
Trog
Uskayaw
Wu Jian
Xom
Zin
The Shining One
Jiyva

Shops:
D:5 !![*


Message History

You climb downwards.
You hear the hiss of flowing sand.
There is an entrance to an ossuary on this level.
Hurry and find it before the portal is buried!
There is a stone staircase leading up here.
Blink to where?
Press: ? - help, Dir - move target
As you read the scroll labelled BIMUPS YBBO, it crumbles to dust.
It was a scroll of blinking.
Found a pair of boots.
A shadow comes into view.
Found a scale mail.
A jelly comes into view.
The jelly quivers.
You see here a +0 pair of boots.
g - a +0 pair of boots The jelly hits you but does no damage.
The shadow slips into darkness.
The shadow flickers and vanishes!
Deactivating autopickup; reactivate with Ctrl-A.
The jelly misses you.
There is a stone staircase leading up here.
The shadow strikes at you from the darkness!
Reactivating autopickup.
You climb upwards.
There is a stone staircase leading down here.
The shadow slips into darkness.
The shadow flickers and vanishes!
Deactivating autopickup; reactivate with Ctrl-A.
There is an open door here.
Casting: Animate Dead (quite dangerous; 4% risk of failure)
Confirm with . or Enter, or press ? or * to list all spells.
There is nothing nearby to animate!
Casting: Animate Dead (quite dangerous; 4% risk of failure)
Confirm with . or Enter, or press ? or * to list all spells.
You miscast Call Imp.
You are very lightly contaminated with residual magic.
Nothing appears to happen.
The shadow strikes at you from the darkness!
Ouch! That really hurt!
You die...

...............##.#...#
##......
.#####.........##.#.#.#
#####.# .##
#.........##.#.#.# #.. ..#
#............#...# ### ###
#.........####.### #
#.##.###..# ##'## #
######.##.# ##.###...# #
.......##.####.)##...#
................@'.>.#
.....####.#####.##...########
.###.# #.##................#
.#...# #.##................#
.#...# #.##................#
.'...####.##................#
.#...##.#.##........#########
.#...##.#.##........#
.######.#.########..#


There were no monsters in sight!

Vanquished Creatures
  An acid dragon (D:5)
  A necrophage (D:5)
  2 centaurs (D:5)
  A jelly (D:5)
  A gnoll shaman (D:3)
  An orc priest (D:5)
  2 hounds
  A centaur skeleton (D:5)
  5 iguanas
  An orc wizard (D:5)
  6 adders
  5 gnolls
  An ufetubus (D:5)
  An adder zombie (D:5)
  An adder skeleton (D:4)
  3 dart slugs
  8 orcs
  5 bats
  5 endoplasms
  5 giant cockroaches
  10 goblins
  7 hobgoblins
  8 jackals
  2 quokkas
  6 ball pythons
  3 frilled lizards
  6 kobolds
  5 rats
103 creatures vanquished.

Vanquished Creatures (collateral kills)
  A quokka skeleton (D:4)
1 creature vanquished.

Grand Total: 104 creatures vanquished

Notes
Turn   | Place    | Note
-------+----------+-------------------------------------------
     0 | D:1      | bobarctor the Deep Elf Necromancer began the quest for the
                  | Orb.
     0 | D:1      | Reached XP level 1. HP: 10/10 MP: 6/6
     1 | D:1      | Noticed a spriggan
     3 | D:1      | Noticed a troll
     5 | D:1      | Noticed a vampire
     6 | D:1      | Noticed a vine stalker
     7 | D:1      | Noticed a formicid
     8 | D:1      | Noticed a dwarf
     9 | D:1      | Noticed a human
    11 | D:1      | Noticed a ghoul
    13 | D:1      | Noticed a human
    13 | D:1      | Noticed a spriggan
    15 | D:1      | Noticed a troll
    17 | D:1      | Noticed a human
    19 | D:1      | Noticed a draconian
    19 | D:1      | Noticed a vine stalker
    21 | D:1      | Noticed a felid
    42 | D:1      | Reached skill level 5 in Necromancy
   418 | D:1      | Reached XP level 2. HP: 14/15 MP: 6/8
   515 | D:1      | Learned a level 1 spell: Animate Skeleton
  1465 | D:2      | Found a faded altar of an unknown god.
  1477 | D:2      | Reached XP level 3. HP: 15/19 MP: 6/10
  1541 | D:2      | Learned a level 3 spell: Vampiric Draining
  1651 | D:2      | Reached skill level 4 in Spellcasting
  2286 | D:2      | Reached XP level 4. HP: 18/24 MP: 6/12
  2821 | D:2      | Learned a level 4 spell: Animate Dead
  2836 | D:3      | Learned a level 2 spell: Call Imp
  3558 | D:3      | Reached skill level 5 in Spellcasting
  4110 | D:3      | Reached XP level 5. HP: 26/28 MP: 10/14
  4548 | D:3      | Reached skill level 1 in Short Blades
  4791 | D:4      | Found a stormy altar of Qazlal.
  5254 | D:4      | Reached skill level 6 in Spellcasting
  5264 | D:4      | Reached XP level 6. HP: 25/32 MP: 9/17
  5745 | D:4      | Found a glowing silver altar of Zin.
  5745 | D:4      | Found an opulent altar of Gozag.
  5810 | D:5      | Entered Level 5 of the Dungeon
  6215 | D:5      | Noticed a +0 hand axe
  6219 | D:5      | Noticed a +0 hand axe
  6222 | D:5      | Found a hide-covered altar of Uskayaw.
  6282 | D:5      | Learned a level 3 spell: Mephitic Cloud
  6306 | D:5      | Reached skill level 1 in Summonings
  6475 | D:5      | Found Miur's Distillery.
  6490 | D:5      | Found Jabaylis's Distillery.
  6555 | D:5      | Noticed an acid dragon
  6582 | D:5      | Found Zublit's Antique Armour Shoppe.
  6584 | D:5      | Found Beiwua's General Store.
  6804 | D:5      | Reached skill level 1 in Conjurations
  6804 | D:5      | Reached XP level 7. HP: 24/36 MP: 19/19
  7013 | D:5      | Reached skill level 1 in Air Magic
  7311 | D:5      | Reached skill level 1 in Armour
  7455 | D:5      | Reached skill level 7 in Spellcasting
  7536 | D:5      | Found a snail-covered altar of Cheibriados.
  7541 | D:5      | Reached skill level 1 in Poison Magic
  7585 | D:5      | Found a staircase to the Ecumenical Temple.
  7611 | Temple   | Entered the Ecumenical Temple
  7699 | Temple   | Became a worshipper of Warmaster Okawaru
  7734 | D:5      | Found an ornate altar of the Wu Jian Council.
  8083 | D:5      | Bought a pair of embroidered gloves for 195 gold pieces
  8123 | D:6      | Noticed a shadow
  8142 | D:5      | Slain by a shadow

Illustrated notes

Levels and vault maps discovered:
D:1:      shiori_arrival_whats_in_store_for_you, layout_rooms,
          serial_co_window_serial, co_window_paths_a, co_window_corner_a,
          co_window_cross_1, co_window_corner_a, co_window_of_opportunity_a,
          co_window_broadway_c, co_window_broadway_c, co_window_corner_cb,
          co_window_unsneaky_path_d, co_window_broadway_a, co_window_corner_b,
          glass_columns_c, glass_columns_a, glass_columns_a, glass_columns_a,
          corexii_leaking_fountain
D:2:      layout_basic, ebering_ecumenical_altar_mist, minmay_small_reverse_x
D:3:      layout_basic
D:4:      layout_loops_ring, grunt_temple_overflow_gold_and_silver,
          grunt_qazlal_clouds, amethyst_killhole, lightli_corner_chamber
D:5:      layout_basic, dancing_weapons_uskayaw, amcnicky_altar_gilded,
          lemuel_round_altar, temple_statues, minmay_shop_grid_forest
D:6:      layout_loops_corners, overflow_temple_1_default, enter_ossuary_2,
          uniq_sigmund
Temple:   pf_slimified_temple

Skill      XL: |  1  2  3  4  5  6  7 |
---------------+----------------------+-----
Necromancy     | 5 6 |  6.9
Spellcasting   | 4 5 6 7 |  7.6
Stealth        | 3 |  3.2
Short Blades   | 1 2 |  2.3
Dodging        | 3 |  3.6
Summonings     | 1 |  1.5
Conjurations   | 1 |  1.5
Air Magic      | 1 |  1.7
Armour         | 1 |  1.0
Poison Magic   | 1 |  1.2
Fighting       | |  0.2
Invocations    | |  0.4

Action                   |  1- 3 |  4- 6 |  7- 9 || total
-------------------------+-------+-------+-------++-------
Melee: Short sword       |       |   110 |     8 ||   118
 Cast: Pain              |    53 |    76 |    16 ||   145
       Vampiric Draining |       |    22 |     9 ||    31
       Call Imp          |       |     3 |     2 ||     5
       Animate Dead      |       |     2 |     1 ||     3
       Mephitic Cloud    |       |     1 |     1 ||     2
  Use: Potion            |       |     1 |       ||     1
       Scroll            |       |       |     9 ||     9
 Stab: Sleeping          |       |     1 |       ||     1
       Distracted        |       |     1 |     1 ||     2
Armor: Robe              |     2 |    26 |     5 ||    33
       Leather armour    |       |    21 |       ||    21
Dodge: Dodged            |     3 |   121 |    16 ||   140

Table legend: (Time is in decaauts)
 A = Elapsed time spent in this place.
 B = Non-inter-level travel time spent in this place.
 C = Inter-level travel time spent in this place.
 D = Time resting spent in this place.
 E = Time spent auto-exploring this place.
 F = Levels seen in this place.
 G = Mean time per level.
                   A        B        C        D        E       F      G
               +--------+--------+--------+--------+--------+-----+--------+
         Total |   8153 |   7723 |    430 |   2617 |   4044 |   7 | 1164.7 |
       Dungeon |   8048 |   7634 |    414 |   2617 |   3962 |   6 | 1341.3 |
        Temple |    105 |     89 |     16 |      0 |     82 |   1 |  105.0 |
               +--------+--------+--------+--------+--------+-----+--------+

Top non-repeatable levels by time:
     D:4: 1780 daAuts
     D:3: 1659 daAuts
     D:5: 1617 daAuts
     D:2: 1541 daAuts
     D:1: 1431 daAuts
  Temple: 105 daAuts
     D:6: 17 daAuts
